 Dungeon Sprint DCSS version 0.32-a0-918-g0f22ef8d61 (webtiles) character file.

Game seed: 2904135693605504149

3745 Griffin23 the Fencer (level 9, -2/91 (93) HPs)
             Began as a Minotaur Fighter on Apr 11, 2024.
             Was a High Priest of Trog.
             Incinerated by a deep elf pyromancer (8 damage)
             ... with a pyre arrow
             ... in the Dungeon (Sprint III: "The Ten Rune Challenge").
             The game lasted 00:09:00 (1331 turns).

Griffin23 the Fencer (Minotaur Fighter)             Turns: 1331, Time: 00:09:00

HP:   -2/91 (93)    AC: 20    Str: 23    XL:     9   Next: 93%
MP:   8/8           EV:  6    Int:  4    God:    Trog [*****.]
Gold: 562           SH:  7    Dex: 15    Spells: 8/8 levels left

rFire   + . .        o - +2 double sword (heavy)
rCold   + . .        c - +0 buckler
rNeg    . . .        p - +0 plate armour
rPois   +            (helmet restricted)
rElec   +            d - +2 cloak {rPois}
rCorr   +            (no gloves)
SInv    .            (no boots)
Will    ++...        (no amulet) Stlth
                     (no ring)
HPRegen 1.35/turn    (no ring)
MPRegen 0.11/turn

%: no teleportation
@: on fire, resistant, strong-willed, regenerating, glowing, lightly drained
A: horns 2, retaliatory headbutt, hooves 1, agile 1, shaggy fur 1
a: Renounce Religion, Berserk, Trog's Hand, Brothers in Arms


You were in the Dungeon.
You worshipped Trog.
Trog was extremely pleased with you.
You visited 1 branch You collected 712 gold pieces.
You spent 150 gold pieces at shops.

Inventory:

Hand Weapons
 a - a +0 long sword
 f - a +3 scimitar
 i - a +0 long sword of holy wrath
 o - a +2 heavy double sword (weapon)
Armour
 b - a +0 scale mail
 c - a +0 buckler (worn)
 d - a +2 cloak of poison resistance (worn)
 e - a +0 cloak
 j - a +0 chain mail
 p - a +0 plate armour (worn)
Scrolls
 k - a scroll of poison
 l - a scroll of identify {unknown}
 n - a scroll of immolation {unknown}
Potions
 h - 2 potions of magic
 m - 3 potions of enlightenment
Miscellaneous
 g - a lightning rod (4/4)


   Skills:
 + Level 13.2 Fighting
 * Level 17.0 Long Blades
 + Level 13.1 Armour
 + Level 13.1 Shields


You had 8 spell levels left.
You didn't know any spells.
Your spell library contained the following spells:

 Spells                   Type           Power      Damage    Failure   Level
 Foxfire                  Conj/Fire      0%         2x1d4     99%         1
 Dazzling Flash           Conj/Hex       0%         N/A       100%        3
 Mephitic Cloud           Conj/Alch/Air  0%         N/A       100%        3
 Tukima's Dance           Hex            0%         N/A       100%        3
 Dimensional Bullseye     Hex/Tloc       0%         N/A       100%        4
 Iskenderun's Mystic Bla Conj/Tloc 0%             2d3        (+2d1     100%        4
 Curse of Agony           Necr           0%         N/A       100%        5
 Silence                  Hex/Air        0%         N/A       100%        5
 Plasma Beam              Fire/Air       0%         2x1d10    100%        6
 Starburst                Conj/Fire      0%         6d3       100%        6
 Haunt                    Necr/Summ      0%         N/A       100%        7
 Borgnjor's Revivificati  Necr           0%         N/A       100%        8
 Death's Door             Necr           0%         N/A       100%        9


Dungeon Overview and Level Annotations

Branches:
Dungeon (1/1)

Altars:
Cheibriados
Dithmenos
Elyvilon
Fedhas
Gozag
Hepliaklqana
Kikubaaqudgha
Makhleb
Nemelex Xobeh
Okawaru
Qazlal
Ru
Sif Muna
Trog
Uskayaw
Vehumet
Wu Jian
Xom
Yredelemnul
Zin
The Shining One
Beogh
Jiyva
Lugonu

Shops:
D !


Innate Abilities, Weirdness & Mutations

You have a pair of horns on your head.
You reflexively headbutt those who attack you in melee.
You have large cloven feet.
You are agile. (Dex +4, Str/Int -1)
You are covered in fur. (AC +1)


Message History

You shake off some of the fire as you move.
The liquid fire burns you!
The deep elf pyromancer hits you but does no damage.
You feel drained.
You hit the deep elf pyromancer.
Your kick misses the deep elf pyromancer.
The deep elf pyromancer is lightly wounded.
The liquid fire burns you!
You closely miss the deep elf pyromancer.
You kick the deep elf pyromancer. You headbutt the deep elf pyromancer!
The deep elf pyromancer is moderately wounded.
The liquid fire burns you!
The deep elf pyromancer hits you but does no damage.
You feel drained.
You hit the deep elf pyromancer but do no damage.
You kick the deep elf pyromancer.
Your headbutt misses the deep elf pyromancer.
The deep elf pyromancer is heavily wounded.
The liquid fire burns you!
The deep elf pyromancer gestures wildly while chanting.
The deep elf pyromancer blinks!
The air fills with toxic fumes!
As you read the scroll labelled HYTUBE DASEOVY, it crumbles to dust.
It was a scroll of poison.
The liquid fire burns you!
* * * LOW HITPOINT WARNING * * *
Okay, then.
You feel much better. The liquid fire burns you!
The deep elf pyromancer gestures at you while chanting.
The bolt of fire hits you!!
* * * LOW HITPOINT WARNING * * *
You feel protected. The liquid fire burns you!
* * * LOW HITPOINT WARNING * * *
Okay, then.
Your skin crawls.
You feel strong-willed. The liquid fire burns you!
You die...

▓▓▓▓▓▓ ▓▓▓▓▓
########.##.# #§#§#######
#___#__#.#.#####@§§§#e..#
#__.#._#.§§e§§§§§##e#e..#
#'###[##.§§§§§§§##
.#...≈≈
.......#.§§§§§§§.#
.#e..##
.......#.§§§##§### .+...#
######)#.#§##§## ######
#__#...#'######
#__#..)#....#.#
#__#..)##.#..#


You could see 4 deep elf pyromancers.

Vanquished Creatures
  An orc high priest (D)
  An orc knight (D)
  A deep elf pyromancer (D)
  2 orc sorcerers (D)
  A shadow (D)
  A spatial vortex (D)
  4 orc warriors (D)
  3 two-headed ogres (D)
  A weeping skull (D)
  A water elemental (D)
  A burial acolyte (D)
  A wight (D)
  An orc priest (D)
  A jelly (D)
  Crazy Yiuf (D)
  Jessica (D)
  2 orc wizards (D)
  3 humans (D)
  A kobold demonologist (D)
  3 orcs (D)
  2 endoplasms (D)
  A rat (D)
34 creatures vanquished.

Notes
Turn   | Place    | Note
-------+----------+-------------------------------------------
     0 | D        | Griffin23 the Minotaur Fighter began the quest for the Orb.
     0 | D        | Reached XP level 1. HP: 19/19 MP: 0/0
    37 | D        | Noticed Jessica
    42 | D        | Killed Jessica
    43 | D        | Reached skill level 5 in Fighting
    43 | D        | Reached skill level 3 in Long Blades
    43 | D        | Reached skill level 5 in Armour
    43 | D        | Reached skill level 5 in Shields
    43 | D        | Reached XP level 2. HP: 29/29 MP: 1/1
    43 | D        | Reached XP level 3. HP: 36/36 MP: 2/2
    48 | D        | Noticed Crazy Yiuf
    53 | D        | Killed Crazy Yiuf
    54 | D        | Reached skill level 4 in Long Blades
    55 | D        | Reached skill level 5 in Long Blades
    55 | D        | Reached XP level 4. HP: 31/44 MP: 3/3
    82 | D        | Noticed a water elemental
    88 | D        | Killed a water elemental
    89 | D        | Reached skill level 6 in Long Blades
    93 | D        | Found a radiant altar of Vehumet.
    93 | D        | Found a shimmering blue altar of Sif Muna.
    93 | D        | Found an ancient bone altar of Kikubaaqudgha.
    99 | D        | Reached skill level 7 in Long Blades
    99 | D        | Reached XP level 5. HP: 17/52 MP: 4/4
   103 | D        | Reached skill level 8 in Long Blades
   259 | D        | Found a glowing silver altar of Zin.
   259 | D        | Found a glowing golden altar of the Shining One.
   259 | D        | Found a white marble altar of Elyvilon.
   259 | D        | Noticed a deep elf pyromancer
   265 | D        | Killed a deep elf pyromancer
   266 | D        | Reached skill level 11 in Long Blades
   266 | D        | Reached XP level 6. HP: 64/64 MP: 5/5
   266 | D        | Reached XP level 7. HP: 70/70 MP: 6/6
   336 | D        | Found a hide-covered altar of Uskayaw.
   336 | D        | Found a roughly hewn altar of Beogh.
   336 | D        | Found an iron altar of Okawaru.
   336 | D        | Found a bloodstained altar of Trog.
   336 | D        | Found an ornate altar of the Wu Jian Council.
   336 | D        | Noticed a human
   337 | D        | Noticed a human
   358 | D        | Gained mutation: You sometimes lose your temper in combat.
                  | [potion of mutation]
   358 | D        | Gained mutation: Your magical capacity is low. (-10% MP)
                  | [potion of mutation]
   359 | D        | Lost mutation: You sometimes lose your temper in combat.
                  | [potion of mutation]
   359 | D        | Lost mutation: Your magical capacity is low. (-10% MP)
                  | [potion of mutation]
   359 | D        | Gained mutation: Your spells are a little easier to cast,
                  | but a little less powerful. [potion of mutation]
   359 | D        | Gained mutation: You are partially covered in iridescent
                  | scales. (AC +2) [potion of mutation]
   360 | D        | Lost mutation: You are partially covered in iridescent
                  | scales. (AC +2) [potion of mutation]
   360 | D        | Lost mutation: Your spells are a little easier to cast, but
                  | a little less powerful. [potion of mutation]
   366 | D        | Killed a human
   367 | D        | Reached skill level 12 in Long Blades
   368 | D        | Gained mutation: You are covered in fur. (AC +1) [potion of
                  | mutation]
   368 | D        | Gained mutation: You have large cloven feet. [potion of
                  | mutation]
   368 | D        | Gained mutation: You are agile. (Dex +4, Str/Int -1)
                  | [potion of mutation]
   375 | D        | Killed a human
   376 | D        | Reached skill level 10 in Fighting
   376 | D        | Reached skill level 10 in Armour
   376 | D        | Reached skill level 10 in Shields
   655 | D        | Became a worshipper of Trog the Wrathful
   664 | D        | Found a basalt altar of Yredelemnul.
   664 | D        | Found a shadowy altar of Dithmenos.
   664 | D        | Found a sacrificial altar of Ru.
   683 | D        | Noticed a shadow
   690 | D        | Killed a shadow
   690 | D        | Reached * piety under Trog
   691 | D        | Reached skill level 13 in Long Blades
   691 | D        | Reached XP level 8. HP: 75/81 MP: 7/7
   750 | D        | Found a blossoming altar of Fedhas.
   750 | D        | Found a stormy altar of Qazlal.
   750 | D        | Found a snail-covered altar of Cheibriados.
   750 | D        | Found a burning altar of Makhleb.
   750 | D        | Found a shimmering altar of Xom.
   751 | D        | Found a hazy altar of Hepliaklqana.
   751 | D        | Found an opulent altar of Gozag.
   751 | D        | Found a sparkling altar of Nemelex Xobeh.
   751 | D        | Found a corrupted altar of Lugonu.
   751 | D        | Found a viscous altar of Jiyva.
   833 | D        | Reached ** piety under Trog
   838 | D        | Reached skill level 14 in Long Blades
   842 | D        | Noticed an orc high priest
   843 | D        | Noticed an orc sorcerer
   855 | D        | Noticed a smoke demon
   856 | D        | Noticed a sun demon
   856 | D        | Killed an orc high priest
   857 | D        | Reached skill level 15 in Long Blades
   857 | D        | Reached XP level 9. HP: 60/90 MP: 8/8
   857 | D        | Reached *** piety under Trog
   879 | D        | Noticed a sixfirhy
   879 | D        | Reached **** piety under Trog
   889 | D        | Killed an orc sorcerer
   964 | D        | Reached ***** piety under Trog
   965 | D        | Reached skill level 16 in Long Blades
  1024 | D        | Noticed an orc sorcerer
  1032 | D        | Killed an orc sorcerer
  1032 | D        | Received a gift from Trog
  1134 | D        | Noticed an orc knight
  1139 | D        | Killed an orc knight
  1142 | D        | Reached skill level 17 in Long Blades
  1142 | D        | Found Yrofann's Distillery.
  1206 | D        | Bought a potion of heal wounds for 50 gold pieces
  1206 | D        | Bought a potion of resistance for 100 gold pieces
  1313 | D        | Noticed a deep elf knight
  1313 | D        | Noticed a deep elf pyromancer
  1313 | D        | Noticed a deep elf pyromancer
  1313 | D        | Noticed a deep elf pyromancer
  1313 | D        | Noticed a deep elf pyromancer
  1331 | D        | Incinerated by a deep elf pyromancer

Illustrated notes

Levels and vault maps discovered:
D:        dungeon_sprint_mu [sprint_mu_entry_cave, sprint_mu_temple_rooms,
          sprint_mu_d1_spiders, sprint_mu_d2_genie, sprint_mu_d3_branching,
          sprint_mu_orc_legion, sprint_mu_elf_gauntlet, sprint_mu_hive_nellie,
          sprint_mu_lair_fedhas, sprint_mu_vaults_butterflies,
          sprint_mu_slime_circle, sprint_mu_shoals_archi,
          sprint_mu_snake_twists, sprint_mu_blade_basic,
          sprint_mu_crypt_chambers, sprint_mu_tomb_spiral,
          sprint_mu_vestibule_basic, sprint_mu_gehenna_hellfire,
          sprint_mu_dis_giant, sprint_mu_tartarus_statrot,
          sprint_mu_cocytus_islands, sprint_mu_zot1]

Skill      XL: |  1  2  3  4  5  6  7  8  9 |
---------------+----------------------------+-----
Fighting       | 5 6 7 9 10 11 13 | 13.2
Armour         | 5 6 7 9 10 11 13 | 13.1
Shields        | 5 6 7 9 10 11 13 | 13.1
Long Blades    | 3 5 7 11 13 15 17 | 17.0

Action                     |  1- 3 |  4- 6 |  7- 9 || total
---------------------------+-------+-------+-------++-------
  Melee: Long sword        |    12 |    19 |    27 ||    58
         Headbutt          |     1 |     3 |    17 ||    21
         Kick              |       |       |    20 ||    20
         Scimitar          |       |       |    52 ||    52
         Double sword      |       |       |     6 ||     6
 Invoke: Berserk           |       |       |     1 ||     1
         Trog's Hand       |       |       |     1 ||     1
  Evoke: Lightning rod     |       |       |     6 ||     6
    Use: Potion            |     2 |     1 |    11 ||    14
         Scroll            |       |       |     2 ||     2
 Armour: Scale mail        |    10 |     9 |    36 ||    55
         Chain mail        |       |       |     4 ||     4
         Plate armour      |       |       |     3 ||     3
  Dodge: Dodged            |     8 |     3 |    17 ||    28
  Block: Buckler           |     4 |     3 |    12 ||    19

Table legend: (Time is in decaauts)
 A = Elapsed time spent in this place.
 B = Non-inter-level travel time spent in this place.
 C = Inter-level travel time spent in this place.
 D = Time resting spent in this place.
 E = Time spent auto-exploring this place.
 F = Levels seen in this place.
 G = Mean time per level.
                   A        B        C        D        E       F      G
               +--------+--------+--------+--------+--------+-----+--------+
         Total |   1328 |   1328 |      0 |    732 |     90 |   1 | 1328.0 |
       Dungeon |   1328 |   1328 |      0 |    732 |     90 |   1 | 1328.0 |
               +--------+--------+--------+--------+--------+-----+--------+

Top non-repeatable levels by time:
       D: 1328 daAuts
